Map: Lost and Found LE

Players

HellraiseR

  • Race: Protoss Protoss
  • League: Master
  • Spawn Location: 7:00

DeMusliM - Winner!

  • Race: Terran Terran
  • League: Master
  • Spawn Location: 1:00

Event: HomeStory Cup XVII

VOD

Have the link to the VOD?

Description

Time

  • Played on: June 29, 2018, 7:59 a.m.
  • Length: 15:44

All games in this series

Show
View Real Time Build Order
Export as new Build Order

HellraiseR Protoss 

Build Orders: Oracle Opening, Phoenix Opening 

Get SALT Encoding   

  12  0:01  Probe  
  13  0:13  Probe  
  14  0:18  Pylon  
  14  0:23  Probe  
  15  0:32  Probe  
  15  0:38  Gateway  
  15  0:40  Probe  
  16  0:47  Assimilator  
  17  0:52  Probe  
  18  1:04  Probe  
  18  1:08  Assimilator  
  19  1:16  Probe, Pylon  
  20  1:25  Cybernetics Core  
  20  1:29  Probe  
  20  1:30  Zealot  
  23  1:41  Probe  
  24  1:52  Adept  
  24  1:53  Probe  
  27  2:04  Stargate  
  27  2:05  Probe  
  28  2:11  Warp Gate  
  28  2:18  Adept  
  31  2:27  Pylon  
  30  2:41  Oracle  
  30  2:47  Shield Battery  
  33  2:53  Probe  
  33  3:10  Oracle, Nexus  
  33  3:11  Probe  
  37  3:23  Probe  
  37  3:26  Pylon  
  38  3:35  Probe  
  39  3:47  Probe  
  40  3:50  Phoenix  
  42  3:58  Gateway  
  42  3:59  Gateway  
  42  4:02  Probe  
  43  4:10  Probe  
  43  4:14  Phoenix  
  46  4:18  Probe  
  46  4:19  Probe  
  48  4:27  Probe  
  48  4:28  Probe  
  50  4:37  Probe  
  50  4:40  Probe  
  52  4:49  Probe  
  52  4:52  Probe  
  54  5:00  Forge, Twilight Council, Stalker x2  
  54  5:01  Probe  
  54  5:04  Probe  
  54  5:05  Pylon  
  60  5:08  Assimilator  
  60  5:11  Assimilator  
  60  5:13  Probe  
  61  5:15  Protoss Ground Weapons Level 1  
  61  5:16  Blink, Probe  
  62  5:22  Pylon  
  62  5:25  Probe  
  62  5:28  Probe, Sentry  
  66  5:37  Probe  
  66  5:40  Probe  
  66  5:42  Stalker  
  70  5:44  Stalker  
  72  5:52  Stalker  
  72  5:56  Pylon  
  74  6:03  Nexus  
  74  6:12  Sentry, Stalker  
  74  6:14  Probe  
  74  6:15  Probe  
  80  6:19  Stalker  
  82  6:26  Probe  
  82  6:27  Probe  
  82  6:30  Gateway  
  82  6:31  Gateway  
  84  6:33  Gateway  
  84  6:38  Probe  
  85  6:41  Probe  
  85  6:43  Pylon  
  86  6:51  Protoss Ground Armor Level 1  
  84  6:55  Sentry  
  84  6:57  Pylon  
  86  7:01  Stalker  
  86  7:02  Stalker  
  86  7:03  Probe, Robotics Facility  
  86  7:07  Charge  
  91  7:12  Pylon  
  91  7:15  Pylon  
  91  7:17  Probe  
  91  7:20  Probe x2  
  91  7:21  Sentry  
  96  7:25  Stalker  
  96  7:28  Stalker  
  96  7:29  Probe  
  101  7:32  Probe, Stalker  
  101  7:35  Probe  
  105  7:41  Immortal  
  105  7:42  Stalker x2  
  109  7:47  Probe x2  
  109  7:48  Probe  
  116  7:58  Robotics Bay  
  116  7:59  Probe  
  116  8:00  Assimilator  
  116  8:04  Probe x2  
  116  8:05  Assimilator  
  119  8:11  Photon Cannon, Probe  
  119  8:12  Pylon  
  120  8:14  Observer  
  120  8:18  Probe  
  120  8:19  Pylon  
  121  8:24  Immortal  
  122  8:30  Zealot x4  
  134  8:42  Nexus  
  134  8:44  Pylon  
  134  8:48  Protoss Ground Weapons Level 2  
  134  8:54  Pylon  
  134  9:00  Disruptor, Stalker x3  
  129  9:19  Stalker x3  
  125  9:30  Stalker  
  125  9:31  Stalker x5  
  127  9:39  Disruptor  
  127  9:42  Probe  
  127  9:43  Probe  
  126  9:46  Probe  
  125  9:54  Probe, Zealot x6  
  135  10:00  Probe  
  135  10:04  Probe  
  135  10:06  Disruptor  
  119  10:10  Probe  
  99  10:16  Stalker x2  
  99  10:17  Stalker x3  
  107  10:29  Gateway  
  107  10:30  Gateway  
  107  10:34  Disruptor  
  107  10:35  Sentry  
  103  10:40  Stalker x4  
  103  10:41  Stalker  
  113  10:52  Nexus, Robotics Facility  
  108  10:59  Stalker  
  108  11:01  Disruptor  
  110  11:04  Pylon  
  110  11:06  Zealot x5  
  115  11:27  Zealot x6  
  115  11:30  Disruptor  
  115  11:32  Disruptor  
  102  11:51  Stalker x3  
  102  11:52  Stalker x3  
  111  12:02  Disruptor  
  111  12:04  Disruptor  
  114  12:14  Zealot x6  
  114  12:15  Zealot x2  
  128  12:28  Disruptor  
  117  12:30  Disruptor  
  117  12:35  Stalker x3  
  117  12:36  Stalker x5  
  123  12:56  Warp Prism  
  115  12:59  Stalker x6  
  115  13:00  Disruptor, Stalker  
  115  13:29  Stalker x2  
  115  13:30  Stalker x5  
  129  13:38  Disruptor  
  132  13:41  Nexus  
  132  13:43  Pylon  
  132  13:44  Forge  
  132  13:58  Sentry x3  
  132  13:59  Stalker  
  140  14:03  Stalker x4  
  129  14:24  Disruptor x2  
  107  14:32  Zealot x3  
  107  14:33  Zealot x5  
  119  14:48  Disruptor  
  119  14:49  Disruptor  
  115  14:55  Probe x2  
  115  14:58  Probe  
  104  15:03  Sentry x3  
  110  15:14  Assimilator  
  110  15:18  Assimilator, Stalker x3  
  110  15:20  Sentry  
  110  15:28  Stalker  
  110  15:29  Stalker  
Show
View Real Time Build Order
Export as new Build Order

DeMusliM Terran - Winner!

Build Orders: MMM Bio 

Get SALT Encoding   

  12  0:00  SCV  
  13  0:13  SCV  
  14  0:18  Supply Depot  
  14  0:25  SCV  
  15  0:40  Barracks, SCV  
  16  0:46  Refinery  
  16  0:52  SCV  
  16  0:56  Refinery  
  17  1:04  SCV  
  18  1:16  SCV  
  19  1:29  Orbital Command, Reaper  
  20  1:36  Supply Depot  
  20  1:46  Factory  
  20  1:58  SCV  
  21  2:10  SCV  
  22  2:22  SCV  
  23  2:29  Command Center  
  23  2:33  Factory Reactor  
  23  2:34  SCV  
  24  2:41  Supply Depot  
  24  2:46  SCV  
  25  2:59  SCV  
  26  3:07  Supply Depot  
  26  3:10  Cyclone, Engineering Bay  
  26  3:12  Cyclone  
  32  3:15  SCV  
  33  3:27  SCV  
  33  3:29  Barracks Tech Lab  
  34  3:39  SCV  
  35  3:42  Cyclone, Orbital Command  
  38  3:49  Missile Turret  
  38  3:51  Cyclone  
  38  3:54  SCV  
  42  3:58  Stimpack  
  42  4:06  SCV  
  43  4:12  Marine  
  43  4:14  Widow Mine  
  46  4:20  SCV  
  46  4:23  Widow Mine  
  48  4:32  SCV  
  48  4:37  Orbital Command  
  49  4:44  SCV  
  50  4:53  Marine  
  50  4:56  SCV  
  50  4:58  Missile Turret  
  52  5:04  Widow Mine x2  
  52  5:05  Barracks  
  52  5:06  SCV  
  57  5:07  Barracks  
  57  5:08  SCV  
  57  5:11  Marine  
  59  5:15  Terran Infantry Weapons Level 1  
  59  5:18  SCV  
  59  5:20  SCV  
  61  5:24  Starport  
  61  5:29  Refinery  
  61  5:30  Marine, SCV  
  61  5:33  SCV  
  64  5:41  Factory Reactor  
  64  5:42  SCV  
  65  5:44  Command Center  
  65  5:45  SCV  
  66  5:54  Refinery, SCV  
  66  5:56  Supply Depot  
  68  5:57  SCV  
  68  5:58  Supply Depot, Barracks Tech Lab  
  68  5:59  Combat Shields  
  68  6:06  Supply Depot, SCV  
  68  6:08  Marine  
  70  6:12  Marine  
  70  6:13  SCV  
  70  6:18  Marauder, SCV  
  72  6:20  Marauder, Concussive Shells  
  72  6:25  SCV  
  76  6:26  Supply Depot  
  76  6:30  Factory Reactor, SCV  
  77  6:36  Engineering Bay, Armory  
  77  6:37  SCV  
  78  6:42  Marauder x2, SCV  
  78  6:43  Marine x2  
  85  6:47  Supply Depot  
  85  6:49  SCV  
  86  6:55  SCV  
  86  6:58  Orbital Command  
  86  7:00  Barracks  
  88  7:01  SCV  
  88  7:05  Barracks  
  88  7:09  Terran Infantry Armor Level 1, Marine  
  88  7:10  Marauder x2  
  88  7:11  Marine  
  94  7:16  Medivac x2  
  94  7:21  Orbital Command, SCV x2  
  100  7:23  Terran Infantry Weapons Level 2  
  100  7:32  Marine x2, Marauder x2  
  100  7:34  Widow Mine x2, SCV  
  100  7:36  SCV  
  112  7:46  SCV  
  112  7:48  Barracks Tech Lab  
  112  7:49  Supply Depot  
  112  7:50  Supply Depot, Medivac, Barracks  
  115  7:52  SCV  
  115  7:54  Medivac, Barracks Tech Lab  
  118  7:58  SCV  
  118  8:00  Marine  
  118  8:01  Marauder x2, Marine  
  118  8:05  Supply Depot  
  125  8:11  Widow Mine x2, SCV x2  
  131  8:13  Marauder  
  133  8:21  Medivac, Barracks  
  133  8:24  Medivac, Barracks  
  133  8:26  Marauder x2  
  141  8:28  Missile Turret  
  141  8:32  Widow Mine x2  
  145  8:36  Marine x2, Marauder  
  149  8:42  Supply Depot  
  149  8:43  Supply Depot  
  149  8:44  Marauder  
  149  8:45  Barracks Tech Lab  
  149  8:47  Marauder x2  
  155  8:54  Widow Mine  
  157  9:01  Refinery  
  157  9:02  Refinery  
  157  9:03  Marine  
  157  9:04  Widow Mine, Marauder, Terran Infantry Armor Level 2  
  157  9:05  Marauder  
  157  9:06  Marauder  
  157  9:08  Supply Depot  
  149  9:17  Marine  
  149  9:18  Marauder x2  
  149  9:19  Barracks Reactor, Barracks Tech Lab  
  149  9:22  SCV x2  
  156  9:28  Marine x2  
  156  9:29  Marauder x2  
  157  9:37  Marine  
  154  9:39  Marauder x2  
  154  9:42  Marauder  
  154  9:45  Terran Infantry Weapons Level 3  
  152  9:46  Marine  
  152  9:47  Marauder  
  152  9:49  Marine  
  152  9:51  Marauder  
  150  9:54  Marine  
  150  9:55  Marine  
  152  10:01  Marauder  
  152  10:03  Marine  
  152  10:04  Marauder  
  152  10:05  Widow Mine x2, Marine  
  152  10:06  Medivac x2, Marauder  
  146  10:08  Marine, Marauder  
  146  10:12  Marine, Marauder  
  146  10:13  Marine  
  123  10:21  Marine  
  123  10:22  Marauder  
  123  10:23  Marine  
  123  10:25  Marauder  
  123  10:26  Marauder  
  123  10:27  Marauder  
  129  10:29  Marine  
  129  10:35  Marine  
  129  10:36  Marauder, Marine  
  129  10:37  Medivac  
  129  10:38  Widow Mine, Medivac  
  129  10:40  Command Center  
  129  10:41  Marine  
  138  10:43  Marauder  
  138  10:44  Marine  
  138  10:46  Marauder  
  141  10:53  Marine  
  141  10:54  Marauder  
  141  10:55  Marauder x2  
  136  10:59  Marine, Marauder  
  136  11:02  Marine  
  138  11:05  Marauder  
  138  11:08  Marine, Marauder  
  145  11:11  Widow Mine x2, Marine  
  145  11:15  Marauder  
  145  11:16  Marauder x2, Marine  
  153  11:20  Marine, Marauder  
  153  11:26  Marine, Marauder  
  153  11:29  Marine, Marauder  
  149  11:34  Medivac, Marine  
  149  11:35  Medivac  
  149  11:37  Marauder x2, Marine  
  149  11:38  Marauder  
  155  11:42  Marauder  
  155  11:43  Marine  
  158  11:47  Marine, Marauder  
  158  11:50  Marine  
  158  11:53  Marine  
  161  11:58  Marauder  
  161  11:59  Marine, Marauder x2  
  168  12:03  Marauder  
  168  12:08  Marine x2  
  172  12:09  Medivac x2, Marauder x2  
  172  12:10  Planetary Fortress  
  172  12:11  Marine  
  164  12:30  Marine x2  
  164  12:31  Marine x2, Marauder x6  
  166  12:48  Marine x3  
  166  12:49  Marine  
  154  12:52  Marauder x4, Marine x2  
  134  13:06  Marine x3  
  134  13:10  Marine, Marauder  
  134  13:11  Marauder  
  142  13:13  Marauder  
  142  13:14  Marauder x3  
  143  13:24  Marine x3  
  129  13:28  Marine  
  129  13:31  Widow Mine x2, Medivac x2  
  129  13:32  Marauder x2  
  133  13:34  Marine  
  133  13:35  Command Center, Marauder x3  
  140  13:41  Marine  
  140  13:42  Marine x2  
  140  13:45  Marine  
  144  13:53  Marauder x3  
  150  13:56  Marine x2, Marauder  
  150  13:57  Missile Turret  
  150  13:59  Marine x2  
  150  14:00  Marine  
  156  14:05  Marine  
  156  14:14  Marauder x3  
  148  14:20  Marine, Marauder  
  148  14:21  Marine  
  148  14:22  Marauder  
  148  14:24  Marine x2, Marauder  
  139  14:35  Marine, Marauder  
  139  14:36  Marauder  
  139  14:38  Marine  
  145  14:39  Marine  
  145  14:41  Marine  
  145  14:42  Marauder, Marine  
  145  14:43  Medivac x2, Marauder  
  145  14:45  Widow Mine x2, Marauder  
  160  14:51  Planetary Fortress  
  154  14:54  Marauder  
  154  14:55  Marine  
  154  14:57  Marauder x2, Marine  
  154  14:59  Marine  
  159  15:00  Marine  
  159  15:03  Marauder, Missile Turret  
  159  15:05  Marauder  
  162  15:07  Widow Mine, Marauder  
  162  15:08  Widow Mine  
  162  15:13  Marine  
  167  15:15  Marine, Marauder  
  167  15:17  Marine  
  167  15:18  Marine, Marauder x2  
  180  15:24  Marine  
  180  15:25  Marine  
Tags
 
Add a new tag
Caveats
  • Supply blocks, unpowered buildings, or Contaminate may cause inaccurate times.
  • Supply counts are checked every 10 seconds.